 Dungeon Crawl Stone Soup version 0.31-a0-455-g1a7b003ef0 (webtiles) character file.

Game seed: 17852150637828703655

103709 MackTheKnife the Fighter (level 15, -7/118 HPs)
             Began as a Demonspawn Shapeshifter on Aug 3, 2023.
             Was an Elder of Ashenzari.
             Mangled by a salamander
             ... wielding a +0 trident
              (8 damage)
             ... on level 1 of the Snake Pit.
             The game lasted 00:51:46 (23439 turns).

MackTheKnife the Fighter (Demonspawn Shapeshifter) Turns: 23439, Time: 00:51:46

Health: -7/118     AC:  3    Str: 20 (21) XL:     15   Next: 89%
Magic:  16/31      EV: 20    Int: 20      God:    Ashenzari [****..]
Gold:   1751       SH:  7    Dex: 18 (19) Spells: 12/23 levels left

rFire   . .          .
                       - Unarmed
rCold   + . .        J - +0 buckler "Restrained Together" {Str+7, Fort, Alch} (curse)
rNeg    + . .        h - melded +3 leather armour of the Eye in the Sky {Dex+8, Cun, Bglg} (curse)
rPois   +            (helmet restricted)
rElec   +            M - scarf {+Inv}
rCorr   +            t - +1 pair of gloves of the Ensconced Sybil {rElec rCorr MP+9 Str-3, Melee, Alch} (curse)
SInv    +            n - +0 pair of boots of the Unyielding Gaze {Cun, Bglg} (curse)
Will    ++++.        w - amulet of Ouranomancy {Regen+, @e2, Fort, Cun} (curse)
Stlth   ++           R - ring "Lutwid" {Contam rPois Will+++ rCorr Int+2}
HPRegen 1.19/turn    O - ring of the Profound Portent {rElec rPois rC+ rN+, Dev, Elem} (curse)
MPRegen 0.22/turn

%: clarity, wizardry (x1)
@: maw-form, studying Axes
A: devouring maw, hooves 2, icemail 1, big brain 3, condensation shield, demonic
magic 2, beak, agile 1, deterioration 1
a: Begin Untransformation, Renounce Religion, Evoke Invisibility, Curse Item,
Shatter the Chains


You were on level 1 of the Snake Pit.
You worshipped Ashenzari.
Ashenzari was greatly pleased with you.
You were a creature with a mouth for a stomach.
You visited 4 branches of the dungeon, and saw 23 of its levels.
You also visited: Gauntlet and Ice Cave.

You collected 2164 gold pieces.
You spent 413 gold pieces at shops.


Innate Abilities, Weirdness & Mutations

You are a creature with a mouth for a stomach.
Your midsection houses a second, enormous mouth.
You have hoof-like feet.
A meltable icy envelope protects you from harm. (AC +0)
You have an absolutely massive brain. (Int +6, Wiz)
A meltable shield of frost defends you. (SH +0)
Spells you cast may paralyse nearby enemies.
You have a beak for a mouth.
You are agile. (Dex +4, Str/Int -1)
Your body sometimes deteriorates upon taking damage.


   Skills:
 + Level 11.1 Fighting
 - Level 5.3(8.0) Armour
 - Level 10.7(13.3) Dodging
 - Level 7.3(10.1) Shields
 + Level 11.1(12.8) Unarmed Combat
 - Level 4.6 Spellcasting
 - Level 9.4 Summonings
 - Level 7.6 Necromancy
 - Level 0.2(0.6) Ice Magic
 - Level 6.3(8.2) Earth Magic
 - Level 5.1(6.9) Evocations
 - Level 10.0(11.8) Shapeshifting


You had 12 spell levels left.
You knew the following spells:

 Your Spells              Type           Power      Damage    Failure   Level
a - Frozen Ramparts       Ice            14%        1d3       13%         3
b - Call Canine Familiar  Summ           42%        N/A       1%          3
c - Borgnjor's Vile Clut  Necr/Erth      18%        N/A       6%          5

Your spell library contained the following spells:

 Spells                   Type           Power      Damage    Failure   Level
 Call Imp                 Summ           84%        N/A       1%          2
 Passwall                 Tmut/Erth      17%        N/A       1%          2
 Animate Armour           Summ/Erth      78%        N/A       1%          4
 Cigotuvi's Dreadful Rot  Necr/Pois/Air  30%        N/A       2%          2
 Dispel Undead            Necr           35%        3d15      2%          4
 Stone Arrow              Conj/Erth      42%        3d9       3%          3
 Freeze                   Ice            28%        1d5       4%          1
 Sting                    Tmut/Pois      24%        1d4       4%          1
 Foxfire                  Conj/Fire      20%        2x1d5     5%          1
 Magic Dart               Conj           20%        1d4       5%          1
 Shock                    Conj/Air       20%        1d4       5%          1
 Lee's Rapid Deconstruct  Erth           18%        3d11*     5%          5
 Ensorcelled Hibernation  Hex/Ice        12%        N/A       7%          2
 Blink                    Tloc           10%        N/A       8%          2
 Lesser Beckoning         Tloc           10%        N/A       8%          2
 Momentum Strike          Conj/Tloc      10%        3d8       8%          2
 Poisonous Vapours        Pois/Air       10%        N/A       8%          2
 Searing Ray              Conj           10%        2d4       8%          2
 Static Discharge         Conj/Air       10%        2-3/arc   8%          2
 Summon Lightning Spire   Summ/Air       23%        N/A       8%          4
 Leda's Liquefaction      Hex/Erth       10%        N/A       10%         4
 Hailstorm                Conj/Ice       6%         3d4       14%         3
 Dazzling Flash           Conj/Hex       10%        N/A       16%         3
 Mephitic Cloud           Conj/Pois/Air  5%         N/A       16%         3
 Portal Projectile        Hex/Tloc       10%        N/A       16%         3
 Swiftness                Air            5%         N/A       16%         3
 Tukima's Dance           Hex            5%         N/A       16%         3
 Vhi's Electric Charge    Tloc/Air       10%        N/A       16%         3
 Volatile Blastmotes      Fire/Tloc      10%        2d10      16%         3
 Death Channel            Necr           17%        N/A       32%         6
 Olgreb's Toxic Radiance  Pois           6%         N/A       41%         4
 Airstrike                Air            2%         2d(1-17)  43%         4
 Fulminant Prism          Conj/Hex       2%         3d5       43%         4
 Iskenderun's Mystic Bla  Conj/Tloc      5%         2d3       43%         4
 Passage of Golubria      Tloc           5%         N/A       43%         4
 Alistair's Intoxication  Tmut/Pois      4%         N/A       75%         5
 Arcjolt                  Conj/Air       2%         1d12      77%         5
 Silence                  Hex/Air        2%         N/A       77%         5
 Eringya's Noxious Bog    Tmut/Pois      3%         4d6       99%         6
 Plasma Beam              Fire/Air       2%         2x1d12    99%         6
 Lehudib's Crystal Spear  Conj/Erth      10%        10d4      100%        8

Inventory:

Hand Weapons
 T - the +5 glaive of the Guard {elec, spectral, AC+5, polearm}
   (You found it on level 13 of the Dungeon)

   AC:        It affects your AC (+5).
Armour
 h - the cursed +3 leather armour of the Eye in the Sky (melded) {Dex+8, Cun, Bglg}
   (You found it in a Gauntlet)

   Dex:       It affects your dexterity (+8).
   It has a curse which improves the following skills: Cunning: Dodging and
   Stealth.
   Beguiling: Conjurations, Hexes and Translocations.
 n - the cursed +0 pair of boots of the Unyielding Gaze (worn) {Cun, Bglg}
   (You found it on level 2 of the Dungeon)

   It has a curse which improves the following skills: Cunning: Dodging and
   Stealth.
   Beguiling: Conjurations, Hexes and Translocations.
 t - the cursed +1 pair of gloves of the Ensconced Sybil (worn) {rElec rCorr MP+9 Str-3, Melee, Alch}
   (You found it on level 5 of the Dungeon)

   Str:       It affects your strength (-3).
   rElec:     It insulates you from electricity.
   MP:        It affects your magic capacity (+9).
   rCorr:     It protects you from acid and corrosion.
   It has a curse which improves the following skills: Melee Combat: Short
   Blades, Long Blades, Axes, Maces & Flails, Polearms, Staves and Unarmed
   Combat.
   Alchemy:   Poison Magic and Transmutations.
 F - the +3 hat of Pondering {ponderous, Will+ MP+10 Int+5}
   (You took it off Gastronok on level 1 of the Lair of Beasts)

   Int:       It affects your intelligence (+5).
   MP:        It affects your magic capacity (+10).
   Will:      It increases your willpower.
 J - the cursed +0 buckler "Restrained Together" (worn) {Str+7, Fort, Alch}
   (You acquired it on level 2 of the Lair of Beasts)

   Str:       It affects your strength (+7).
   It has a curse which improves the following skills: Fortitude: Armour and
   Shields.
   Alchemy:   Poison Magic and Transmutations.
 M - a scarf of invisibility (worn)
   (You found it on level 11 of the Dungeon)
Jewellery
 p - a ring of willpower
   (You found it on level 3 of the Dungeon)
 w - the cursed amulet of Ouranomancy (around neck) {Regen+, @e2, Fort, Cun}
   (You found it on level 7 of the Dungeon)

   [amulet of regeneration]

   Regen:     It increases your rate of health regeneration.
   It has a curse which improves the following skills: Fortitude: Armour and
   Shields.
   Cunning:   Dodging and Stealth.
 O - the cursed ring of the Profound Portent (right hand) {rElec rPois rC+ rN+, Dev, Elem}
   (You found it on level 11 of the Dungeon)

   [ring of positive energy]

   rC:        It protects you from cold.
   rElec:     It insulates you from electricity.
   rPois:     It protects you from poison.
   rN:        It protects you from negative energy.
   It has a curse which improves the following skills: Devices: Evocations and
   Shapeshifting.
   Elements:  Fire Magic, Ice Magic, Air Magic and Earth Magic.
 R - the ring "Lutwid" (left hand) {Contam rPois Will+++ rCorr Int+2}
   (You found it in a Gauntlet)

   [ring of resist corrosion]

   Int:       It affects your intelligence (+2).
   rPois:     It protects you from poison.
   Contam:    It causes magical contamination when unequipped.
   rCorr:     It protects you from acid and corrosion.
   Will:      It greatly increases your willpower.
Talismans
 c - a beast talisman
 S - a serpent talisman
   (You found it on level 12 of the Dungeon)
 V - a maw talisman (active)
   (You found it on level 13 of the Dungeon)
Wands
 m - a wand of polymorph (4)
   (You took it off an orc on level 4 of the Dungeon)
 u - a wand of flame (54)
   (You took it off Edmund on level 6 of the Dungeon)
 x - a wand of digging (4)
   (You found it on level 7 of the Dungeon)
 B - a wand of iceblast (9)
   (You found it on level 9 of the Dungeon)
 K - a wand of charming (8)
   (You found it on level 3 of the Lair of Beasts)
 L - a wand of acid (5)
   (You bought it in a shop on level 2 of the Orcish Mines)
Scrolls
 d - 2 scrolls of amnesia
 e - 18 scrolls of identify {@r1}
 f - 4 scrolls of teleportation {@r4}
 l - a scroll of blinking {!r}
 o - a scroll of enchant armour
 q - 6 scrolls of poison {!r}
 r - 4 scrolls of revelation
 v - 3 scrolls of vulnerability {!r!r}
 y - a scroll of fog
 C - a scroll of torment {!r}
 D - 2 scrolls of brand weapon
 N - 2 scrolls of summoning
 Q - a scroll of immolation {!r!r}
 W - a scroll of fear
Potions
 a - 3 potions of enlightenment
 b - 4 potions of lignification {!q}
 g - 4 potions of mutation {!q}
 i - a potion of berserk rage {!q}
 j - 4 potions of curing {@q1}
 k - 2 potions of cancellation
 s - a potion of resistance
 z - 4 potions of might
 A - 2 potions of heal wounds {@q2}
 E - 2 potions of ambrosia
 G - a potion of magic
 H - 4 potions of brilliance
 I - 5 potions of haste {@q3}
 U - 2 potions of experience
Miscellaneous
 P - a tin of tremorstones (inert) {throwing}
   (You found it in an ice cave)

Dungeon Overview and Level Annotations

Branches:
Dungeon (15/15) Zot: 26019  Temple (0/1) D:5            Lair (5/5) D:10 Zot: 23488
 Shoals (0/4) Lair:3        Snake (1/4) Lair:3 Zot: 5982   Slime (0/5) Lair:5
    Orc (2/2) D:10 Zot: 9886     Elf (0/3) Orc:2        Vaults (0/5) D:13
 Depths (0/4) D:15          IceCv (visited)         Gauntlet (visited)

Altars:
Ashenzari
Cheibriados
Makhleb
Ru
Sif Muna
Trog
Uskayaw
Wu Jian
Jiyva

Shops:
D:7 *   D:10 :   D:15 (?   Orc:2 ***

Portals:
Trove: D:13 (give 2 scrolls of acquirement)

Annotations:
D:15 2 transporters, Layddamu's ghost, journeyman HuFi
Lair:5 1 runed translucent door

, , ~ .#,≈≈,,, ~
*,.#,≈#** * ##
.#..# . ,,~, ** #.
.#≈.#.≈~ * *#
###.*.≈≈...≈ ,* ~
...#...#NN)....
........)≈.≈###~ *
.......W.≈)≈≈..,,~~
* ,.........#N...≈~
,, ,,.........#*
≈##~ * *
,.......... { , ,
,, ,, ........... {
,, ,,
.....###....,, ,, ,
, ,.....#÷#..... ,
,,, * ,
,.)...###.###.. , ,
* , , , , ,


You could see 3 salamanders.


Message History

The mana viper closely misses you. 😕 HP[+3] MP[-5]
You regained 3 hp, and now have 111/117 hp.
You lost 5 mp, and now have 14/31 mp.
You pummel the mana viper!! Your peck misses the mana viper.
Your bite misses the mana viper. The mana viper completely misses you.
You pummel the mana viper!!
You kill the mana viper!
You feel your intelligence returning.
Your base Unarmed Combat skill increases to level 11! 😕 HP[+1] No target in view!
You start resting. 😎 HP[+5] MP[+1]
Your hp is fully restored (117).
You are a creature with a mouth for a stomach.
You are studying Axes.
Your movement speed is average.
Your attack delay is about 0.7.
Your damage rating with unarmed combat is about 25 (Base [5 + 12 (UC)] x 127% (Str) x 118% (Fight)).
Your base attributes are Str 18, Int 19, Dex 15.
Unknown command.
You climb downwards.
Welcome back to the Snake Pit!
This branch contains the serpentine rune of Zot.
The salamander shoots an arrow.
The arrow closely misses you. You block the salamander's attack.
There is a staircase back to the Lair here. 😎 MP[+1]
Okay, then.
Cast which spell? (? or * to list)
Okay, then.
Okay, then.
The tremorstone explodes into fragments!
The burst of rock shards engulfs the salamander! x3
The burst of rock shards engulfs the salamander!!
The burst of rock shards engulfs the naga mage!!
The burst of rock shards engulfs the salamander!
The burst of rock shards engulfs the salamander!!
The burst of rock shards engulfs the salamander! x3
The burst of rock shards engulfs you!!
The burst of rock shards engulfs the salamander! x2
The burst of rock shards engulfs the naga mage!!
You kill the naga mage!
The burst of rock shards engulfs the salamander! x5
You hear an angry hiss. x2; You hear a shout!
The salamander completely misses you.
The salamander shoots an arrow.
The arrow hits you! The arrow burns you.
The salamander hits you from afar with a +0 halberd!
You are engulfed in flames!
* * * LOW HITPOINT WARNING * * *
The salamander closely misses you.
You hear an angry hiss.
Your Fighting skill increases to level 11! 😨 HP[-59]
You now have 118 max hp (+1).
You take 59 damage, and now have 58/118 hp.
MASSIVE DAMAGE!! (PAUSE) Unknown command.
The tremorstone explodes into fragments!
The burst of rock shards engulfs the salamander.
The burst of rock shards engulfs the salamander!
The burst of rock shards engulfs the salamander!!
You kill the salamander!
You hear a sizzling splash.
The burst of rock shards engulfs the salamander!
You kill the salamander!
You hear a sizzling splash.
The burst of rock shards engulfs the salamander! x2
You kill the salamander!
You hear a sizzling splash.
The burst of rock shards engulfs the salamander!
You kill the salamander!
The burst of rock shards engulfs the salamander! x2
The burst of rock shards engulfs the salamander.
The burst of rock shards engulfs the salamander!!
The tin is emptied!
You hear a shout!
The salamander shoots an arrow.
The arrow hits you!
* * * LOW HITPOINT WARNING * * *
The arrow burns you.
* * * LOW HITPOINT WARNING * * *
You block the salamander's attack.
You hear an angry hiss. 😨 HP[-14]
You take 14 damage, and now have 44/118 hp.
Unknown command.
Unknown command.
The salamander hits you from afar with a +0 trident!
* * * LOW HITPOINT WARNING * * *
You are engulfed in flames!
* * * LOW HITPOINT WARNING * * *
Your body deteriorates!
You feel clumsy.
The salamander shoots an arrow.
The arrow hits you!
* * * LOW HITPOINT WARNING * * *
Your body deteriorates!
You feel weakened. The arrow burns you.
* * * LOW HITPOINT WARNING * * *
The salamander hits you from afar with a +0 trident!
* * * LOW HITPOINT WARNING * * *
You are engulfed in flames!
You die...

Skill      XL: |  1  2  3  4  5  6  7  8  9 10 11 12 13 14 15 |
---------------+----------------------------------------------+-----
Unarmed Combat | 3 4 5 6 7 8 10 11 | 11.1
Shapeshifting  | 3 4 6 8 10 | 10.0
Fighting       | 3 5 6 8 9 11 | 11.1
Dodging        | 4 5 6 10 | 10.7
Armour         | 1 5 |  5.3
Spellcasting   | 3 4 |  4.6
Summonings     | 4 9 |  9.4
Shields        | 1 7 |  7.3
Evocations     | 4 5 |  5.1
Necromancy     | 4 7 |  7.6
Earth Magic    | 3 6 |  6.3
Ice Magic      | |  0.2

Action                     |  1- 3 |  4- 6 |  7- 9 | 10-12 | 13-15 || total
---------------------------+-------+-------+-------+-------+-------++-------
  Melee: Unarmed           |    85 |   127 |   336 |   549 |  1210 ||  2307
         Kick              |    18 |    39 |   123 |   248 |   573 ||  1001
         Punch             |       |     3 |    17 |    27 |       ||    47
         Peck              |       |     7 |    71 |   132 |   316 ||   526
         Maw               |       |       |       |       |     1 ||     1
   Cast: Call Canine Famil |       |       |       |    36 |    14 ||    50
         Frozen Ramparts   |       |       |       |       |     1 ||     1
         Borgnjor's Vile C |       |       |       |       |    12 ||    12
 Invoke: Curse Item        |       |     2 |     3 |     1 |     3 ||     9
         Shatter the Chain |       |       |       |       |     3 ||     3
Ability: Begin Untransform |       |       |     1 |       |       ||     1
  Evoke: Wand              |       |       |     2 |     1 |    13 ||    16
         Tin of tremorston |       |       |       |       |     2 ||     2
    Use: Potion            |       |     1 |       |     1 |     3 ||     5
         Scroll            |       |       |     2 |     1 |     5 ||     8
   Stab: Sleeping          |       |     1 |       |     2 |     4 ||     7
         Distracted        |       |       |       |     7 |     7 ||    14
         Paralysed         |       |       |       |    23 |     1 ||    24
 Armour: Animal skin       |    10 |       |       |       |       ||    10
         Ring mail         |     7 |    36 |   101 |    73 |    61 ||   278
         Leather armour    |       |       |       |       |    80 ||    80
  Dodge: Dodged            |    45 |    48 |   194 |   250 |   731 ||  1268
  Block: Other             |       |    16 |    59 |    49 |       ||   124
         Buckler           |       |       |       |    97 |   599 ||   696
   Form: Beast             |       |     2 |     1 |       |     3 ||     6
                           |       |     2 |       |       |     6 ||     8
         Anaconda          |       |       |       |       |     2 ||     2
         Maw               |       |       |       |       |     4 ||     4

Levels and vault maps discovered:
D:1:      saegor_arrival_fortress, layout_basic, minmay_misc_feat_five
D:2:      layout_loops_cross, nicolae_ecumenical_snake_handling,
          kennysheep_generic_room_9
D:3:      layout_loops_ring
D:4:      layout_basic, serial_curves, eino_curves_02, eino_curves_04,
          uniq_sigmund
D:5:      layout_basic, grunt_temple_overflow_order_and_chaos_2,
          temple_fountains, serial_curves, eino_curves_02, eino_curves_02,
          eino_curves_04, eino_curves_04
D:6:      layout_loops_ring, elyvilon_altar_4, uniq_edmund
D:7:      layout_rooms, mainiacjoe_overflow_chevrons, cheibriados_altar_1,
          general_overflow_altar, jmf_multi_god_temple2, serial_shops, shop
D:8:      layout_gridville, bloody_trog, special_room [special_room_orc]
D:9:      layout_roguey, uniq_erolcha
D:10:     layout_basic, kennysheep_mini, grunt_lair_entry_orc_guard_hut,
          orc_0_dummy, serial_shops, nicolae_shop_peninsula
D:11:     layout_basic, chequers_arboretum, lemuel_flame_loot_1, uniq_erica
D:12:     layout_stronghold
D:13:     minmay_shoctagon, layout_long_grid, grunt_vaults_entry_fortified,
          nicolae_trove_entry_diagonal, uniq_sonja, uniq_kirke
D:14:     layout_gridville, nicolae_concentric_dashed_squares_wild,
          minivault_22, minmay_beelzebubs_servants, uniq_jorgrun
D:15:     hangedman_depths_entry_try_elsewhere_first, layout_rooms,
          gammafunk_ghost_arena, serial_shops, shop_scrolls,
          nicolae_shop_scrapyard
Lair:1:   layout_cave_pods, uniq_gastronok
Lair:2:   layout_loops_ring, lemuel_fruit_tree, grunt_megastairs_5
Lair:3:   layout_roguey, minmay_shoals_entry_hut, alex1729_snake_entry_snake,
          serial_bayou, serial_bayou_pond_b, serial_bayou_pond_e,
          serial_bayou_pond_d, serial_bayou_pond_e,
          nzn_masters_of_martial_movement, uniq_fannar, uniq_josephine
Lair:4:   layout_regular_city
Lair:5:   wormcave, layout_gridlike, slime_entry_1,
          portal_ice_cave_entry_pillars_2
Snake:1:  nicolae_snake_nest, layout_cave_shapes, serial_shops,
          nicolae_shop_gibbet_a_chance, nicolae_snake_salamander_fort
Orc:1:    layout_caves, roderic_batcave
Orc:2:    st_orc_pillars, layout_diamond_mine, gauntlet_entry_generic,
          uniq_azrael

Notes
Turn   | Place    | Note
-------+----------+-------------------------------------------
     0 | D:1      | MackTheKnife the Demonspawn Shapeshifter began the quest
                  | for the Orb.
     0 | D:1      | Reached XP level 1. HP: 15/15 MP: 1/1
     0 | D:1      | magus.rc [v1.9.6]
    87 | D:1      | Reached skill level 3 in Unarmed Combat
    87 | D:1      | Gained mutation: You have large cloven feet. [demonic
                  | ancestry]
    87 | D:1      | Reached XP level 2. HP: 19/21 MP: 2/2
   270 | D:1      | Reached skill level 3 in Shapeshifting
   489 | D:1      | Reached XP level 3. HP: 25/26 MP: 3/3
  1347 | D:2      | Gained mutation: A meltable shield of frost defends you.
                  | (SH +0) [demonic ancestry]
  1347 | D:2      | Reached XP level 4. HP: 32/32 MP: 4/4
  1794 | D:2      | You pick up a book of Weapons and begin reading...
  1794 | D:2      | You add the spells Tukima's Dance, Portal Projectile and
                  | Iskenderun's Mystic Blast to your library.
  1804 | D:2      | Found a faded altar of an unknown god.
  1842 | D:2      | Prayed at the altar of an unknown god.
  1842 | D:2      | Became a worshipper of Ashenzari the Shackled
  1968 | D:3      | Reached skill level 4 in Unarmed Combat
  2100 | D:3      | Identified the cursed +0 pair of boots of the Unyielding
                  | Gaze {Cun, Bglg} (You found it on level 2 of the Dungeon)
  2167 | D:3      | You pick up a book of Frost and begin reading...
  2167 | D:3      | You add the spells Freeze, Frozen Ramparts and Hailstorm to
                  | your library.
  2185 | D:3      | You pick up a book of Burglary and begin reading...
  2185 | D:3      | You add the spells Passwall, Ensorcelled Hibernation and
                  | Swiftness to your library.
  2273 | D:3      | Reached XP level 5. HP: 37/37 MP: 5/5
  2557 | D:3      | Reached * piety under Ashenzari
  2683 | D:3      | Gained mutation: You are agile. (Dex +4, Str/Int -1)
                  | [potion of mutation]
  2683 | D:3      | Gained mutation: Your body sometimes deteriorates upon
                  | taking damage. [potion of mutation]
  2683 | D:3      | Gained mutation: You have a beak for a mouth. [potion of
                  | mutation]
  2706 | D:4      | Noticed Sigmund
  2750 | D:4      | Reached skill level 4 in Shapeshifting
  2765 | D:4      | Noticed a phantom
  2785 | D:3      | Killed a phantom
  2786 | D:3      | Gained mutation: A meltable icy envelope protects you from
                  | harm. (AC +0) [demonic ancestry]
  2786 | D:3      | Reached XP level 6. HP: 23/46 MP: 6/6
  2909 | D:4      | Killed Sigmund
  2910 | D:4      | Reached skill level 3 in Fighting
  2910 | D:4      | Reached skill level 5 in Unarmed Combat
  3207 | D:4      | You pick up a book of Iron and begin reading...
  3207 | D:4      | You add the spells Summon Lightning Spire, Animate Armour
                  | and Lee's Rapid Deconstruction to your library.
  3418 | D:5      | Entered Level 5 of the Dungeon
  3515 | D:5      | Reached XP level 7. HP: 25/54 MP: 7/7
  3655 | D:5      | Found a staircase to the Ecumenical Temple.
  3773 | D:5      | Identified the +1 pair of gloves "Povas" {rElec rCorr MP+9
                  | Str-3}
  3983 | D:5      | Reached skill level 4 in Fighting
  3985 | D:5      | Noticed a cacodemon
  3986 | D:5      | Found a burning altar of Makhleb.
  4002 | D:5      | You pick up a book of Spatial Translocations and begin
                  | reading...
  4002 | D:5      | You add the spells Blink, Momentum Strike and Lesser
                  | Beckoning to your library.
  4016 | D:5      | You pick up a book of Air and begin reading...
  4016 | D:5      | You add the spells Shock and Airstrike to your library.
  4044 | D:5      | Noticed an angel
  4081 | D:5      | Reached skill level 6 in Unarmed Combat
  4383 | D:6      | Identified the +4 short sword of Joaheu {heavy, rPois
                  | Dex+2}
  4588 | D:6      | You pick up a book of Armaments and begin reading...
  4588 | D:6      | You add the spells Stone Arrow and Lehudib's Crystal Spear
                  | to your library.
  4678 | D:6      | Reached skill level 5 in Fighting
  4758 | D:6      | Gained mutation: Spells you cast may paralyse adjacent
                  | enemies. [demonic ancestry]
  4758 | D:6      | Reached XP level 8. HP: 64/64 MP: 8/8
  4783 | D:6      | You add the spells Sting, Poisonous Vapours and Olgreb's
                  | Toxic Radiance to your library.
  5010 | D:6      | Noticed Edmund
  5019 | D:6      | Killed Edmund
  5020 | D:6      | Reached skill level 7 in Unarmed Combat
  5204 | D:6      | Reached skill level 6 in Fighting
  5404 | D:7      | Found a large runed translucent door.
  5410 | D:7      | Found a snail-covered altar of Cheibriados.
  5424 | D:7      | Reached skill level 2 in Dodging
  5434 | D:7      | Found a large runed translucent door.
  5503 | D:7      | Reached skill level 3 in Dodging
  5511 | D:7      | Reached skill level 4 in Dodging
  5693 | D:7      | Found Zirig Udi's General Store.
  5771 | D:7      | Found a shimmering blue altar of Sif Muna.
  5819 | D:7      | Found a hide-covered altar of Uskayaw.
  5829 | D:7      | Reached ** piety under Ashenzari
  5951 | D:7      | Found a sacrificial altar of Ru.
  5966 | D:7      | Reached skill level 1 in Armour
  5966 | D:7      | Gained mutation: Spells you cast may paralyse nearby
                  | enemies. [demonic ancestry]
  5966 | D:7      | Reached XP level 9. HP: 51/72 MP: 9/9
  5989 | D:7      | Found a broken altar of Ashenzari.
  5997 | D:7      | Reached skill level 2 in Armour
  6045 | D:8      | You pick up a book of Minor Magic and begin reading...
  6045 | D:8      | You add the spells Magic Dart, Call Imp and Mephitic Cloud
                  | to your library.
  6249 | D:8      | Found a bloodstained altar of Trog.
  6332 | D:8      | Reached skill level 3 in Armour
  6369 | D:8      | Reached skill level 4 in Armour
  6450 | D:8      | Reached skill level 5 in Armour
  6494 | D:8      | Reached skill level 1 in Spellcasting
  6507 | D:8      | Reached skill level 2 in Spellcasting
  6561 | D:8      | You add the spells Alistair's Intoxication, Borgnjor's Vile
                  | Clutch and Eringya's Noxious Bog to your library.
  6635 | D:8      | Reached skill level 3 in Spellcasting
  6673 | D:8      | HP: 15/72 [acid dragon/splash of acid (27)]
  6734 | D:8      | Reached *** piety under Ashenzari
  6775 | D:8      | Learned a level 3 spell: Frozen Ramparts
  6974 | D:9      | Reached skill level 2 in Summonings
  7007 | D:9      | Reached skill level 3 in Summonings
  7084 | D:9      | You fall into a shaft and drop 1 floor!
  7084 | D:10     | Entered Level 10 of the Dungeon
  7271 | D:9      | Noticed Erolcha
  7274 | D:9      | Erolcha changed into Erolcha the wyvern
  7274 | D:9      | Noticed Erolcha
  7278 | D:9      | Killed Erolcha the wyvern
  7279 | D:9      | Reached skill level 4 in Summonings
  7318 | D:9      | Reached XP level 10. HP: 57/82 MP: 17/17
  7333 | D:9      | Reached skill level 5 in Summonings
  7626 | D:9      | Reached skill level 6 in Summonings
  7804 | D:10     | Reached skill level 7 in Summonings
  7829 | D:10     | Reached skill level 8 in Summonings
  7875 | D:10     | Found Veoz's Book Emporium.
  7940 | D:10     | Found a staircase to the Lair.
  7978 | D:10     | Reached skill level 9 in Summonings
  8070 | D:10     | Reached skill level 5 in Dodging
  8120 | D:10     | Found a staircase to the Orcish Mines.
  8150 | D:10     | You pick up a book of the Hunter and begin reading...
  8150 | D:10     | You add the spells Call Canine Familiar and Leda's
                  | Liquefaction to your library.
  8182 | D:10     | Found an ornate altar of the Wu Jian Council.
  8273 | D:10     | Noticed a gargoyle
  8290 | D:10     | Killed a gargoyle
  8334 | D:10     | Learned a level 3 spell: Call Canine Familiar
  8579 | Lair:1   | Entered Level 1 of the Lair of Beasts
  8588 | Lair:1   | Noticed a cane toad
  8599 | Lair:1   | Killed a cane toad
  8599 | Lair:1   | HP: 16/82 [poisoned by a cane toad]
  8601 | Lair:1   | HP: 6/82 [poisoned by a cane toad]
  8719 | Lair:1   | Noticed Gastronok
  8719 | Lair:1   | Gastronok the Ponderous comes into view. He is wearing the
                  | +3 hat of Pondering {ponderous, Will+ MP+10 Int+5}.
  8727 | Lair:1   | Gained mutation: You have hoof-like feet. [demonic
                  | ancestry]
  8727 | Lair:1   | Reached XP level 11. HP: 86/89 MP: 14/18
  8893 | Lair:1   | Reached skill level 7 in Fighting
  8918 | Lair:1   | Reached skill level 8 in Unarmed Combat
  9013 | Lair:1   | Reached skill level 6 in Dodging
  9521 | Lair:1   | Reached skill level 8 in Fighting
  9864 | Lair:1   | Killed Gastronok
  9865 | Lair:1   | Reached skill level 5 in Shapeshifting
  9931 | Lair:2   | Reached skill level 6 in Shapeshifting
  9986 | Lair:2   | Reached **** piety under Ashenzari
 10225 | Lair:2   | Identified a scroll of acquirement
 10249 | Lair:2   | Acquired the +0 buckler of the Weaver {Str+7}
 10291 | Lair:2   | Reached skill level 1 in Shields
 10480 | Lair:2   | Reached XP level 12. HP: 99/99 MP: 20/20
 10490 | Lair:2   | Reached skill level 2 in Shields
 10600 | Lair:3   | Reached skill level 3 in Shields
 10689 | Lair:3   | Reached skill level 4 in Shields
 10789 | Lair:3   | Reached skill level 5 in Shields
 10899 | Lair:3   | Noticed Josephine
 10961 | Lair:3   | Killed Josephine
 10962 | Lair:3   | Reached skill level 6 in Shields
 11019 | Lair:3   | Found a staircase to the Snake Pit.
 11153 | Lair:3   | Found an ornate altar of the Wu Jian Council.
 11154 | Lair:3   | Noticed a boulder beetle
 11154 | Lair:3   | Noticed a six-headed hydra
 11170 | Lair:3   | Killed a six-headed hydra
 11171 | Lair:3   | Reached skill level 7 in Shields
 11250 | Lair:3   | Killed a boulder beetle
 11251 | Lair:3   | Reached skill level 7 in Shapeshifting
 11278 | Lair:3   | Identified the +4 war axe "Sisipp" {heavy, Dex+3}
 11286 | Lair:3   | Noticed Fannar
 11299 | Lair:3   | Killed Fannar
 11387 | Lair:3   | Noticed a six-headed hydra
 11393 | Lair:3   | HP: 24/99 [six-headed hydra (3)]
 11394 | Lair:3   | Killed a six-headed hydra
 11474 | Lair:3   | Found a hide-covered altar of Uskayaw.
 11588 | Lair:3   | Reached skill level 8 in Shapeshifting
 11650 | Lair:3   | You pick up a book of Blasting and begin reading...
 11650 | Lair:3   | You add the spells Volatile Blastmotes and Fulminant Prism
                  | to your library.
 11717 | Lair:3   | Found a staircase to the Shoals.
 12045 | Lair:4   | Noticed a death yak
 12062 | Lair:4   | Noticed a death yak
 12064 | Lair:4   | Noticed a death yak
 12078 | Lair:3   | Killed a death yak
 12079 | Lair:3   | Gained mutation: You have an unusually large brain. (Int
                  | +2) [demonic ancestry]
 12079 | Lair:3   | Reached XP level 13. HP: 84/104 MP: 16/21
 12190 | Lair:4   | HP: 22/104 [skyshark (7)]
 12399 | Lair:4   | You pick up a book of Decay and begin reading...
 12399 | Lair:4   | You add the spells Cigotuvi's Dreadful Rot, Dispel Undead
                  | and Death Channel to your library.
 12420 | Lair:4   | Reached skill level 9 in Shapeshifting
 12776 | Lair:4   | You pick up a book of Lightning and begin reading...
 12776 | Lair:4   | You add the spells Vhi's Electric Charge, Arcjolt and
                  | Plasma Beam to your library.
 12899 | Lair:4   | Reached skill level 10 in Shapeshifting
 13335 | Lair:5   | Entered Level 5 of the Lair of Beasts
 13440 | Lair:4   | Reached skill level 9 in Unarmed Combat
 13550 | Lair:5   | Reached skill level 9 in Fighting
 13610 | Lair:5   | Found a frozen archway.
 13619 | IceCv    | Entered an ice cave
 13619 | IceCv    | Identified the +0 chain mail "Kishryom" {rF+}
 13634 | IceCv    | Found a transporter.
 13642 | IceCv    | Identified the Secrets of the Big Fish
 13644 | IceCv    | Found a transporter.
 13671 | IceCv    | Reached skill level 10 in Unarmed Combat
 13754 | Lair:5   | Reached skill level 1 in Evocations
 13754 | Lair:5   | Found a viscous altar of Jiyva.
 13755 | Lair:5   | Found a staircase to the Slime Pits.
 13795 | Lair:5   | Reached skill level 2 in Evocations
 13880 | Lair:5   | Reached skill level 3 in Evocations
 13920 | Lair:5   | Reached skill level 4 in Evocations
 14021 | Lair:5   | Gained mutation: You have an extremely huge brain. (Int +4)
                  | [demonic ancestry]
 14021 | Lair:5   | Reached XP level 14. HP: 116/116 MP: 22/22
 14037 | Lair:5   | Reached skill level 5 in Evocations
 14046 | Lair:5   | Learned a level 5 spell: Borgnjor's Vile Clutch
 14302 | Lair:5   | Reached skill level 1 in Necromancy
 14303 | Lair:5   | Reached skill level 1 in Earth Magic
 14398 | Lair:5   | Found a runed translucent door.
 14431 | Lair:5   | Paralysed by a hornet for 3 turns
 14629 | Lair:5   | Paralysed by a hornet for 2 turns
 14662 | Lair:5   | Reached skill level 2 in Necromancy
 14699 | Lair:5   | Reached skill level 2 in Earth Magic
 14917 | Lair:5   | Reached skill level 3 in Necromancy
 15192 | Orc:1    | Entered Level 1 of the Orcish Mines
 15200 | Orc:1    | Reached skill level 4 in Spellcasting
 15790 | Orc:2    | Entered Level 2 of the Orcish Mines
 15840 | Orc:2    | Found a staircase to the Elven Halls.
 15849 | Orc:2    | Reached skill level 3 in Earth Magic
 15855 | Orc:2    | Found a gate leading to a gauntlet.
 15858 | Gauntlet | Entered a Gauntlet
 15858 | Gauntlet | Found a transporter.
 15924 | Gauntlet | Found a transporter.
 15925 | Gauntlet | Found a transporter.
 15926 | Gauntlet | Found a transporter.
 15929 | Gauntlet | Found a transporter.
 15930 | Gauntlet | Found a transporter.
 15940 | Gauntlet | Found a transporter.
 15941 | Gauntlet | Identified the ring "Ehiannou" {Wiz Will- Str+2 Int+3}
 15958 | Gauntlet | Found a transporter.
 15975 | Gauntlet | Found a transporter.
 15979 | Gauntlet | Found a transporter.
 15987 | Gauntlet | Found a transporter.
 16035 | Gauntlet | Found a transporter.
 16036 | Gauntlet | Identified the ring "Lutwid" {Contam rPois Will+++ rCorr
                  | Int+2}
 16093 | Gauntlet | Reached skill level 4 in Necromancy
 16176 | Gauntlet | Identified Sif Muna's Catalogue of the Fifth Circle
 16176 | Gauntlet | Identified the +1 leather armour of the Fife {Int+5}
 16184 | Gauntlet | Identified the +3 leather armour "Arin" {Dex+8}
 16185 | Gauntlet | l - quicksilver dragon scales {rare}
 16192 | Gauntlet | You finish putting on your quicksilver dragon scales
                  | {rare}.
 16202 | Gauntlet | You add the spells Foxfire, Searing Ray and Dazzling Flash
                  | to your library.
 16206 | Gauntlet | You pick up a book of Spatial Translocations and begin
                  | reading...
 16220 | Gauntlet | You finish taking off your quicksilver dragon scales
                  | {rare}.
 16235 | Gauntlet | You finish putting on your quicksilver dragon scales
                  | {rare}.
 16240 | Gauntlet | You finish taking off your quicksilver dragon scales
                  | {rare}.
 16245 | Gauntlet | You finish putting on your quicksilver dragon scales
                  | {rare}.
 16250 | Gauntlet | You finish taking off your quicksilver dragon scales
                  | {rare}.
 16669 | Orc:2    | Reached skill level 7 in Dodging
 17110 | Orc:2    | Reached skill level 8 in Dodging
 17355 | Orc:2    | Noticed Azrael
 17500 | Orc:1    | Reached skill level 9 in Dodging
 17562 | Orc:2    | Killed Azrael
 17736 | Orc:2    | You drop quicksilver dragon scales {rare}.
 17754 | Orc:2    | Found Kets's Armour Shoppe.
 17757 | Orc:2    | Found Syopn's General Store.
 17758 | Orc:2    | Found Weik's General Store.
 17759 | Orc:2    | Found Liohoid's Assorted Antiques.
 17762 | Orc:2    | Bought a scroll of blinking for 112 gold pieces
 17765 | Orc:2    | Bought a scroll of teleportation for 42 gold pieces
 17767 | Orc:2    | Bought a glowing glass wand for 88 gold pieces
 18372 | D:11     | Reached skill level 10 in Dodging
 18540 | D:11     | Noticed Erica
 18547 | D:11     | Killed Erica
 18625 | D:11     | Identified the ring of Asasod {rElec rPois rC+ rN+}
 19768 | D:12     | Gained mutation: You have an absolutely massive brain. (Int
                  | +6, Wiz) [demonic ancestry]
 19768 | D:12     | Reached XP level 15. HP: 103/115 MP: 22/22
 20131 | D:13     | Noticed Kirke
 20218 | D:13     | Killed Kirke
 20253 | D:13     | Found a portal to a secret trove of treasure.
 20261 | D:13     | This trove needs 2 scrolls of acquirement to function. Give
                  | it the items?
 20320 | D:13     | Noticed Sonja
 20321 | D:13     | Sonja changed into Sonja the frilled lizard
 20321 | D:13     | Noticed Sonja
 20325 | D:13     | Killed Sonja the frilled lizard
 20354 | D:13     | Reached skill level 10 in Fighting
 20428 | D:13     | You pick up a book of the Moon and begin reading...
 20428 | D:13     | You add the spells Passage of Golubria and Silence to your
                  | library.
 20435 | D:13     | Found the +5 glaive of the Guard {elec, spectral, AC+5}
 20443 | D:13     | You pick up a book of Lightning and begin reading...
 20445 | D:13     | You pick up a book of Storms and begin reading...
 20518 | D:13     | Identified 2 potions of experience
 20641 | D:13     | You pick up a book of Spatial Translocations and begin
                  | reading...
 20816 | D:13     | Reached skill level 4 in Earth Magic
 20839 | D:13     | Reached skill level 5 in Necromancy
 21078 | D:13     | Found a gate to the Vaults.
 21356 | D:13     | Reached skill level 6 in Necromancy
 21356 | D:13     | Reached skill level 5 in Earth Magic
 21786 | D:14     | Reached skill level 7 in Necromancy
 21877 | D:14     | Reached skill level 6 in Earth Magic
 21992 | D:14     | Noticed Jorgrun
 22005 | D:14     | Killed Jorgrun
 22317 | D:15     | Entered Level 15 of the Dungeon
 22399 | D:15     | Found Awniral's Magic Scroll Shoppe.
 22424 | D:15     | Bought a scroll of summoning for 171 gold pieces
 22622 | D:15     | Found Yninipt's Weapon Shoppe.
 22740 | D:15     | Found a transporter.
 22741 | D:15     | Noticed a storm dragon
 22749 | D:15     | Noticed Layddamu's ghost (journeyman HuFi)
 22763 | D:15     | Found a transporter.
 22956 | D:15     | Found a staircase to the Depths.
 23153 | D:15     | magus.rc [v1.9.6]
 23177 | D:15     | magus.rc [v1.9.6]
 23386 | Snake:1  | Entered Level 1 of the Snake Pit
 23424 | Lair:3   | magus.rc [v1.9.6]
 23431 | Lair:3   | Reached skill level 11 in Unarmed Combat
 23438 | Snake:1  | Reached skill level 11 in Fighting
 23439 | Snake:1  | HP: 26/118 [salamander/+0 trident (12)]
 23439 | Snake:1  | HP: 9/118 [salamander/arrow (4)]
 23439 | Snake:1  | HP: 1/118 [salamander/+0 trident (8)]
 23439 | Snake:1  | Mangled by a salamander

Vanquished Creatures
  Jorgrun (D:14)
  Kirke (D:13)
  Gastronok (Lair:1)
  Azrael (Orc:2)
  A minotaur (Gauntlet)
  A dire elephant (D:15)
  Josephine (Lair:3)
  A fire dragon (D:15)
  4 hydras
  Fannar (Lair:3)
  An ogre mage (D:15)
  5 vault guards (D:13)
  Erica (D:11)
  3 boulder beetles
  2 catoblepae
  3 centaur warriors
  9 two-headed ogres
  9 death yaks
  A shock serpent (D:13)
  4 orc high priests (Orc:2)
  A sixfirhy (D:13)
  3 skysharks
  A salamander mystic (Lair:3)
  A necromancer (Gauntlet)
  A wizard (D:14)
  A lindwurm (Lair:5)
  A deep elf pyromancer (D:14)
  6 orc knights
  3 orc sorcerers
  2 mana vipers (Lair:3)
  6 salamanders
  12 ugly things
  2 manticores (D:15)
  A black mamba (shapeshifter) (D:15)
  3 black mambas
  3 slime creatures (D:15)
  A naga mage (Snake:1)
  2 gargoyles
  6 torpor snails
  3 orange demons (D:14)
  13 cane toads
  6 rime drakes
  2 freezing wraiths
  2 kobold demonologists (D:13)
  10 komodo dragons
  A yaktaur (D:13)
  A tengu conjurer (D:13)
  5 trolls
  2 red devils (D:14)
  26 blink frogs
  6 hornets (Lair:5)
  2 polar bears
  4 tyrant leeches (Lair:5)
  4 raiju
  7 dream sheep
  A snapping turtle (Lair:3)
  10 flying skulls (Gauntlet)
  Sigmund (D:4)
  A shadow (D:13)
  5 wraiths
  A vampire (D:9)
  3 wyverns
  59 yaks
  3 basilisks
  4 fire elementals
  3 hogs
  2 wargs
  11 vampire mosquitoes
  Edmund (D:6)
  4 hell hounds (Orc:2)
  3 acid dragons
  3 nagas
  12 water moccasins
  2 ice beasts
  43 orc warriors
  3 black bears
  A sky beast (D:7)
  13 wolves
  8 ogres
  4 boggarts (D:15)
  8 centaurs
  2 phantoms
  2 kobold brigands
  11 bullfrogs
  A scorpion (D:5)
  A cane toad simulacrum (IceCv)
  10 wights
  11 killer bees
  3 howler monkeys
  A vampire bat (Orc:1)
  2 jellies
  6 hounds
  A gnoll bouda (D:9)
  27 orc priests
  A sleepcap (D:8)
  2 iguanas (D:5)
  20 orc wizards
  5 hell rats (Lair:2)
  A polar bear simulacrum (IceCv)
  5 gnolls (D:9)
  12 adders
  A shadow imp (D:8)
  A white imp (D:3)
  2 ufetubi
  A worm (D:3)
  3 dart slugs
  104 orcs
  4 endoplasms
  5 giant cockroaches
  5 goblins
  4 hobgoblins
  12 jackals
  9 quokkas
  6 ball pythons
  12 bats
  3 frilled lizards
  19 kobolds
  6 rats
731 creatures vanquished.

Vanquished Creatures (collateral kills)
  A boulder beetle (Lair:3)
  A death yak (Lair:3)
  2 blink frogs
  A bullfrog (Lair:3)
5 creatures vanquished.

Vanquished Creatures (others)
  An orc high priest (Orc:2)
  A rime drake (Lair:5)
  An orc priest (Orc:2)
  A quokka (D:6)
4 creatures vanquished.

Grand Total: 740 creatures vanquished

Table legend:
 A = Non-vault XP
 B = Vault XP
 C = Vault XP percentage of total XP
 D = Non-vault monster count
 E = Vault monster count
 F = Vault count percentage of total count
                 A         B        C        D         E       F
            +---------+---------+-------+---------+---------+-------
      Total |   96629 |   51528 |  34.8 |     533 |     203 |  27.6
            +---------+---------+-------+---------+---------+-------
        D:1 |      44 |       0 |   0.0 |      23 |       0 |   0.0
        D:2 |      81 |      33 |  28.9 |      21 |       5 |  19.2
        D:3 |     180 |       1 |   0.6 |      18 |       1 |   5.3
        D:4 |     110 |     223 |  67.0 |      16 |       1 |   5.9
        D:5 |     514 |       0 |   0.0 |      16 |       0 |   0.0
        D:6 |     568 |     162 |  22.2 |      15 |       1 |   6.2
        D:7 |     797 |     257 |  24.4 |      16 |       2 |  11.1
        D:8 |    1061 |     513 |  32.6 |      24 |      26 |  52.0
        D:9 |    1707 |     214 |  11.1 |      18 |       1 |   5.3
       D:10 |    3667 |     472 |  11.4 |      35 |       5 |  12.5
       D:11 |    5197 |     844 |  14.0 |      22 |       1 |   4.3
       D:12 |    1736 |     925 |  34.8 |       6 |       4 |  40.0
       D:13 |    6402 |    9359 |  59.4 |      18 |      17 |  48.6
       D:14 |    8888 |    3572 |  28.7 |      16 |       6 |  27.3
       D:15 |    8906 |    2892 |  24.5 |      22 |       4 |  15.4
     Lair:1 |    6509 |    1693 |  20.6 |      31 |       2 |   6.1
     Lair:2 |    3440 |    1347 |  28.1 |      20 |       5 |  20.0
     Lair:3 |    9832 |    6258 |  38.9 |      31 |      16 |  34.0
     Lair:4 |   11148 |       0 |   0.0 |      33 |       0 |   0.0
     Lair:5 |   18310 |    5130 |  21.9 |      52 |      15 |  22.4
    Snake:1 |     587 |    1994 |  77.3 |       2 |       4 |  66.7
      Orc:1 |    2515 |     261 |   9.4 |      36 |       8 |  18.2
      Orc:2 |    4430 |   10417 |  70.2 |      42 |      63 |  60.0
      IceCv |       0 |    1045 | 100.0 |       0 |       4 | 100.0
   Gauntlet |       0 |    3916 | 100.0 |       0 |      12 | 100.0
            +---------+---------+-------+---------+---------+-------

Skill      XL: |  1  2  3  4  5  6  7  8  9 10 11 12 13 14 15 |
---------------+----------------------------------------------+-----
Unarmed Combat | 3 4 5 6 7 8 10 11 | 11.1
Shapeshifting  | 3 4 6 8 10 | 10.0
Fighting       | 3 5 6 8 9 11 | 11.1
Dodging        | 4 5 6 10 | 10.7
Armour         | 1 5 |  5.3
Spellcasting   | 3 4 |  4.6
Summonings     | 4 9 |  9.4
Shields        | 1 7 |  7.3
Evocations     | 4 5 |  5.1
Necromancy     | 4 7 |  7.6
Earth Magic    | 3 6 |  6.3
Ice Magic      | |  0.2

Action                     |  1- 3 |  4- 6 |  7- 9 | 10-12 | 13-15 || total
---------------------------+-------+-------+-------+-------+-------++-------
  Melee: Unarmed           |    85 |   127 |   336 |   549 |  1210 ||  2307
         Kick              |    18 |    39 |   123 |   248 |   573 ||  1001
         Punch             |       |     3 |    17 |    27 |       ||    47
         Peck              |       |     7 |    71 |   132 |   316 ||   526
         Maw               |       |       |       |       |     1 ||     1
   Cast: Call Canine Famil |       |       |       |    36 |    14 ||    50
         Frozen Ramparts   |       |       |       |       |     1 ||     1
         Borgnjor's Vile C |       |       |       |       |    12 ||    12
 Invoke: Curse Item        |       |     2 |     3 |     1 |     3 ||     9
         Shatter the Chain |       |       |       |       |     3 ||     3
Ability: Begin Untransform |       |       |     1 |       |       ||     1
  Evoke: Wand              |       |       |     2 |     1 |    13 ||    16
         Tin of tremorston |       |       |       |       |     2 ||     2
    Use: Potion            |       |     1 |       |     1 |     3 ||     5
         Scroll            |       |       |     2 |     1 |     5 ||     8
   Stab: Sleeping          |       |     1 |       |     2 |     4 ||     7
         Distracted        |       |       |       |     7 |     7 ||    14
         Paralysed         |       |       |       |    23 |     1 ||    24
 Armour: Animal skin       |    10 |       |       |       |       ||    10
         Ring mail         |     7 |    36 |   101 |    73 |    61 ||   278
         Leather armour    |       |       |       |       |    80 ||    80
  Dodge: Dodged            |    45 |    48 |   194 |   250 |   731 ||  1268
  Block: Other             |       |    16 |    59 |    49 |       ||   124
         Buckler           |       |       |       |    97 |   599 ||   696
   Form: Beast             |       |     2 |     1 |       |     3 ||     6
                           |       |     2 |       |       |     6 ||     8
         Anaconda          |       |       |       |       |     2 ||     2
         Maw               |       |       |       |       |     4 ||     4

Illustrated notes

Table legend:
 A = Kills in this place as a percentage of kills in the entire game.
 B = Kills by you in this place as a percentage of kills by you in the entire game.
 C = Kills by friends in this place as a percentage of kills by friends in the entire game.
 D = Other kills in this place as a percentage of other kills in the entire game.
 E = Experience gained in this place as a percentage of experience gained in the entire game.
 F = Experience gained in this place divided by the number of levels of this place that you have seen.
                   A       B       C       D       E      F
               +-------+-------+-------+-------+-------+----------------------
         Total | 100.0 | 100.0 | 100.0 |   N/A | 100.0 | 5926.3
       Dungeon |  48.9 |  49.2 |   0.0 |   N/A |  40.0 | 3955.0
          Lair |  27.9 |  27.4 | 100.0 |   N/A |  43.0 | 12733.4
     Snake Pit |   0.8 |   0.8 |   0.0 |   N/A |   1.7 | 2581.0
  Orcish Mines |  20.2 |  20.4 |   0.0 |   N/A |  11.9 | 8811.5
      Ice Cave |   0.5 |   0.5 |   0.0 |   N/A |   0.7 | 1045.0
      Gauntlet |   1.6 |   1.6 |   0.0 |   N/A |   2.6 | 3916.0
               +-------+-------+-------+-------+-------+----------------------

Table legend: (Time is in decaauts)
 A = Elapsed time spent in this place.
 B = Non-inter-level travel time spent in this place.
 C = Inter-level travel time spent in this place.
 D = Time resting spent in this place.
 E = Time spent auto-exploring this place.
 F = Levels seen in this place.
 G = Mean time per level.
                   A        B        C        D        E       F      G
               +--------+--------+--------+--------+--------+-----+--------+
         Total |  23130 |  21819 |   1311 |   2207 |  14493 |  25 |  925.2 |
       Dungeon |  13989 |  13259 |    730 |   1095 |   9660 |  15 |  932.6 |
          Lair |   6511 |   6045 |    466 |    621 |   3824 |   5 | 1302.2 |
     Snake Pit |     16 |     16 |      0 |      0 |      0 |   1 |   16.0 |
  Orcish Mines |   2113 |   2000 |    113 |    391 |    847 |   2 | 1056.5 |
      Ice Cave |    105 |    105 |      0 |     35 |      0 |   1 |  105.0 |
      Gauntlet |    395 |    395 |      0 |     65 |    162 |   1 |  395.0 |
               +--------+--------+--------+--------+--------+-----+--------+

Top non-repeatable levels by time:
  Lair:3: 1552 daAuts
  Lair:5: 1523 daAuts
   Orc:2: 1454 daAuts
  Lair:1: 1337 daAuts
  Lair:4: 1334 daAuts
    D:13: 1314 daAuts
    D:12: 1173 daAuts
    D:10: 1108 daAuts
    D:11: 1080 daAuts
     D:1: 1008 daAuts
    D:14: 987 daAuts
     D:5: 956 daAuts
     D:2: 944 daAuts
     D:6: 929 daAuts
     D:8: 916 daAuts
